 Dungeon Crawl Stone Soup version 0.26-a0-771-g060e6a62af (webtiles) character file.

Game seed: 7004955799389289289

404 Conn the Sneak (level 6, -5/37 HPs)
             Began as an Octopode Fire Elementalist on Nov 8, 2020.
             Killed by divine providence
             ... invoked by an orc priest
              (14 damage)
             ... on level 4 of the Dungeon.
             The game lasted 00:10:43 (4474 turns).

Conn the Sneak (Octopode Fire Elementalist)         Turns: 4474, Time: 00:10:44

Health: -5/37      AC:  1    Str:  7    XL:     6   Next: 86%
Magic:  10/10      EV: 14    Int: 19    God:
Gold:   179        SH:  0    Dex: 13    Spells: 0/11 levels left

rFire    . . .     SeeInvis .   a - +1 short sword (venom)
rCold    + . .     Faith    .   (no shield)
rNeg     . . .     Spirit   .   (helmet restricted)
rPois    +         Reflect  .   (no amulet)
rElec    .         Harm     .   b - ring of flight
rCorr    .         Rampage  .   t - ring of protection from cold
MR       .....                  u - ring of poison resistance
Stlth    ++++......             (no ring)
HPRegen  0.12/turn              (no ring)
MPRegen  0.12/turn              (no ring)
                                (no ring)
                                (no ring)

@: no status effects
A: almost no armour, stealthy swim, amphibious, 8 rings, constrict 8, camouflage
1, gelatinous body 1
a: Evoke Flight


You were on level 4 of the Dungeon.
You visited 1 branch of the dungeon, and saw 4 of its levels.

You collected 179 gold pieces.

Inventory:

Hand Weapons
 a - a +1 short sword of venom (weapon)
 o - a +2 hand axe of flaming
Missiles
 c - 13 poisoned darts (quivered)
 h - 35 sling bullets
Armour
 e - a +0 buckler
 v - a +0 kite shield
Jewellery
 b - a ring of flight (left tentacle)
 t - a ring of protection from cold (right tentacle)
 u - a ring of poison resistance (on tentacle)
Wands
 s - a wand of paralysis (7)
Scrolls
 f - 5 scrolls of identify {unknown}
 g - 2 scrolls of remove curse {unknown}
 i - a scroll of immolation {unknown}
 k - 3 scrolls of teleportation {unknown}
 l - a scroll of blinking {unknown}
 m - a scroll of noise {unknown}
 p - 3 scrolls of amnesia {unknown}
Potions
 d - 4 potions of curing
 j - 2 potions of flight {unknown}
 n - a potion of attraction {unknown}
 q - a potion of degeneration {unknown}
 r - a potion of ambrosia {unknown}


   Skills:
 + Level 0.8 Fighting
 + Level 2.2 Short Blades
 + Level 0.2 Throwing
 + Level 2.9 Dodging
 + Level 4.5 Stealth
 + Level 3.2 Spellcasting
 + Level 2.9 Conjurations
 + Level 4.2 Fire Magic


You couldn't memorise any spells.
You knew the following spells:

 Your Spells              Type           Power        Failure   Level
a - Foxfire               Conj/Fire      ###.         3%          1
b - Conjure Flame         Conj/Fire      ###.....     11%         3
c - Inner Flame           Hex/Fire       ##......     19%         3
d - Sticky Flame          Conj/Fire      ###.....     34%         4

Your spell library contained the following spells:

 Spells                   Type           Power        Failure   Level
 Fireball                 Conj/Fire      ###.......   67%         5


Dungeon Overview and Level Annotations

Branches:
Dungeon (4/15)
 Temple: D:4-7

Altars:
Kikubaaqudgha

Shops:
D:4 [


Innate Abilities, Weirdness & Mutations

You cannot wear most types of armour.
You are very stealthy in the water. (Stealth+)
You are amphibious.
You can wear up to eight rings at the same time.
You can use your tentacles to constrict eight enemies at once.
Your skin changes colour to match your surroundings (Stealth+).
Your rubbery body absorbs attacks. (AC +1, EV +1)


Message History

The orc priest is lightly wounded.
You constrict the orc priest, but do no damage.
The orc priest invokes the aid of Beogh against you.
Beogh smites you!
* * * LOW HITPOINT WARNING * * *
You hit the orc priest.
The orc priest is poisoned.
You squeeze the orc priest, but do no damage.
The orc priest is moderately wounded.
You constrict the orc priest.
The orc priest looks satisfied for a moment.
Unknown command.
You hit the orc priest but do no damage.
The orc priest looks as sick as possible!
The orc priest is heavily wounded.
You constrict the orc priest, but do no damage.
The orc priest hits you with a +0 war axe.
* * * LOW HITPOINT WARNING * * *
The orc priest invokes the aid of Beogh against you.
Beogh smites you!
You die...

#.#.###....#
#........#
#.#......#.##
#.######.#
#.......##..#
#<.......#
#######.....##
#.######## #.###..#
#.##<.....
##.####.###.##.#####
#..............[...#
######.#.##.##.#.#.#
#oo@...#..#.##.###.#
#.######..#.#......#
#. #.)..#....... #.
#.#..#...#### #.
#.#..#...# #.
#.##>#...# ..
#.##.#...# ..
#.##.#...# ###.#


You could see 2 orc priests.

Vanquished Creatures
  A hound (D:4)
  An orc priest (D:4)
  2 orc wizards (D:4)
  Jessica (D:2)
  3 worker ants (D:4)
  Terence (D:2)
  Robin (D:4)
  3 adders
  An ooze (D:3)
  3 worms
  4 dart slugs
  2 leopard geckos (D:1)
  4 orcs
  11 bats
  3 giant cockroaches (D:4)
  12 goblins
  12 hobgoblins
  7 jackals
  8 kobolds
  4 quokkas
  11 frilled lizards
  7 rats
102 creatures vanquished.

Vanquished Creatures (others)
  180 foxfires
180 creatures vanquished.

Grand Total: 282 creatures vanquished

Notes
Turn   | Place    | Note
-------+----------+-------------------------------------------
     0 | D:1      | Conn the Octopode Fire Elementalist began the quest for the
                  | Orb.
     0 | D:1      | Reached XP level 1. HP: 11/11 MP: 3/3
   143 | D:1      | Reached XP level 2. HP: 17/17 MP: 0/5
   440 | D:1      | Reached XP level 3. HP: 20/21 MP: 6/6
  1344 | D:2      | Noticed Terence
  1350 | D:2      | Learned a level 3 spell: Conjure Flame
  1371 | D:2      | Killed Terence
  1371 | D:2      | Reached XP level 4. HP: 12/27 MP: 1/7
  1668 | D:2      | Found an ancient bone altar of Kikubaaqudgha.
  1972 | D:2      | Learned a level 3 spell: Inner Flame
  2135 | D:2      | Noticed Jessica
  2144 | D:2      | Killed Jessica
  2144 | D:2      | Reached skill level 1 in Short Blades
  2144 | D:2      | Reached XP level 5. HP: 32/32 MP: 9/9
  3657 | D:4      | Found Conac's Antique Armour Shop.
  3692 | D:4      | Reached XP level 6. HP: 23/37 MP: 10/10
  3999 | D:3      | Learned a level 4 spell: Sticky Flame
  4204 | D:4      | Noticed Robin
  4230 | D:4      | Killed Robin
  4474 | D:4      | Killed from afar by an orc priest

Illustrated notes

Levels and vault maps discovered:
D:1:      dpeg_arrival_tiny_h, layout_basic, hangedman_abyss_or_decor_stabs,
          minmay_vboxes
D:2:      layout_basic, kiku_gazebo_pond_becter, minmay_misc_feat_enclosed,
          minmay_misc_feat_iff, uniq_terence, uniq_jessica
D:3:      layout_loops_ring
D:4:      layout_basic, serial_shops, nicolae_shop_window_shopping, uniq_robin

Skill      XL: |  1  2  3  4  5  6 |
---------------+-------------------+-----
Stealth        | 3 4 |  4.5
Short Blades   | 1 2 |  2.2
Fire Magic     | 4 |  4.2
Spellcasting   | 3 |  3.2
Conjurations   | 2 |  2.9
Fighting       | |  0.8
Throwing       | |  0.2
Dodging        | |  2.9

Action                   |  1- 3 |  4- 6 || total
-------------------------+-------+-------++-------
Melee: Short sword       |    17 |    97 ||   114
       Constrict         |     3 |    24 ||    27
       Tentacles         |     2 |    11 ||    13
Throw: Dart              |     4 |     3 ||     7
 Cast: Foxfire           |    49 |    53 ||   102
       Conjure Flame     |     1 |       ||     1
  Use: Potion            |       |     1 ||     1
 Stab: Sleeping          |     2 |    12 ||    14
Armor: Skin              |     3 |     4 ||     7
Dodge: Dodged            |    21 |    57 ||    78

Table legend: (Time is in decaauts)
 A = Elapsed time spent in this place.
 B = Non-inter-level travel time spent in this place.
 C = Inter-level travel time spent in this place.
 D = Time resting spent in this place.
 E = Time spent auto-exploring this place.
 F = Levels seen in this place.
 G = Mean time per level.
                   A        B        C        D        E       F      G
               +--------+--------+--------+--------+--------+-----+--------+
         Total |   4476 |   4422 |     54 |    806 |   2401 |   4 | 1119.0 |
       Dungeon |   4476 |   4422 |     54 |    806 |   2401 |   4 | 1119.0 |
               +--------+--------+--------+--------+--------+-----+--------+

Top non-repeatable levels by time:
     D:1: 1269 daAuts
     D:2: 1209 daAuts
     D:3: 1076 daAuts
     D:4: 920 daAuts
